 Dungeon Crawl Stone Soup version 0.28.0-45-g0d030f2227 (webtiles) character file.

Game seed: 17256556276558179704

102 Bamboolord the Cudgeller (level 4, 0/42 HPs)
             Began as a Troll Warper on Apr 6, 2022.
             Slain by Robin
             ... wielding a +2 spear of venom
              (5 damage)
             ... on level 3 of the Dungeon.
             The game lasted 00:05:51 (2171 turns).

Bamboolord the Cudgeller (Troll Warper)             Turns: 2171, Time: 00:05:52

Health: 0/42       AC:  4    Str: 19    XL:     4   Next: 50%
Magic:  14/14      EV: 10    Int: 11    God:
Gold:   109        SH:  0    Dex:  9    Spells: 4/6 levels left

rFire   . . .      SeeInvis .   a - +0 mace
rCold   . . .      Faith    .   (no shield)
rNeg    . . .      Spirit   .   b - +0 robe
rPois   .          Reflect  .   (helmet restricted)
rElec   .          Harm     .   (no cloak)
rCorr   .          Rampage  .   (gloves unavailable)
Will    .....                   (boots unavailable)
Stlth   +.........              (no amulet)
HPRegen 0.94/turn               e - ring of magical power
MPRegen 0.14/turn               (no ring)

@: lethally poisoned (0 -> -2)
A: large, unfitting armour, claws 3, regeneration 1, shaggy fur 1, tough skin 1
a: no special abilities


You were on level 3 of the Dungeon.
You visited 1 branch of the dungeon, and saw 3 of its levels.

You collected 109 gold pieces.

Inventory:

Hand Weapons
 a - a +0 mace (weapon)
Missiles
 d - 5 boomerangs of dispersal (quivered)
 f - 10 poisoned darts
Armour
 b - a +0 robe (worn)
Jewellery
 e - a ring of magical power (left claw)
Scrolls
 c - a scroll of blinking
 g - a scroll of enchant weapon {unknown}
 h - a scroll of acquirement {unknown}
 j - 2 scrolls of noise
 o - a scroll of identify {unknown}
 r - a scroll of immolation {unknown}
Potions
 i - a potion of ambrosia {unknown}
 k - a potion of invisibility {unknown}
 l - a potion of brilliance {unknown}
 m - a potion of cancellation {unknown}
 n - a potion of mutation {unknown}
 p - a potion of degeneration {unknown}
 q - a potion of heal wounds {unknown}


   Skills:
 * Level 2.2 Fighting
 * Level 2.8 Maces & Flails
 - Level 0.8 Throwing
 * Level 2.4 Dodging
 * Level 1.5 Spellcasting
 * Level 2.5 Translocations


You had 4 spell levels left.
You knew the following spells:

 Your Spells              Type           Power      Damage    Failure   Level
a - Blink                 Tloc           12%        N/A       16%         2

Your spell library contained the following spells:

 Spells                   Type           Power      Damage    Failure   Level
 Gell's Gravitas          Tloc           6%         N/A       32%         3
 Lesser Beckoning         Tloc           6%         N/A       32%         3
 Teleport Other           Tloc           6%         N/A       32%         3
 Inner Flame              Hex/Fire       0%         N/A       67%         3
 Cause Fear               Hex            0%         N/A       97%         4
 Manifold Assault         Tloc           6%         N/A       96%         5
 Discord                  Hex            0%         N/A       100%        8


Dungeon Overview and Level Annotations

Branches:
Dungeon (3/15)

Altars:
Fedhas

Annotations:
D:3 Jessica, Robin


Innate Abilities, Weirdness & Mutations

You are too large for most types of armour.
You have claws for hands.
Your natural rate of healing is unusually fast.
You are covered in fur. (AC +1)
You have tough skin. (AC +1)


Message History

Jessica casts a spell.
Jessica blinks!
You barely miss Robin.
Robin is heavily wounded.
You feel very sick. Robin throws the goblin at you!
The goblin unwields a +0 hunting sling.
The goblin wields a +0 dagger.
The goblin barely misses you.
Robin zaps a wand.
The puff of flame hits you but does no damage.
You sock Robin!
Robin is almost dead.
You feel sick. The goblin hits you with a +0 dagger.
Robin says, "My goblins will feast on your bones."
Robin zaps a wand.
The puff of flame misses you.
The puff of flame hits the goblin!
The goblin dies!
You hit Robin but do no damage.
Robin is almost dead.
You feel sick. Robin throws the goblin at you!
You barely miss Robin.
Robin is almost dead.
You feel sick.
The goblin no longer looks unusually strong.
The goblin hits you but does no damage.
Robin roars a battlecry!
The goblin goes into a battle-frenzy!
The goblin closely misses you.
You hit the goblin.
You kill the goblin!
You feel sick.
You are no longer poisoned.
Robin zaps a wand.
The puff of flame hits you!
* * * LOW HITPOINT WARNING * * *
Robin hits you with a +2 spear of venom.
* * * LOW HITPOINT WARNING * * *
You are poisoned.
You hit Robin.
Robin is almost dead.
You feel very sick.
Robin hits you with a +2 spear of venom.
You die...

#.# #....## ##.#
#.####..#..###.##
##..).)......#.##
......).####..#.##.## ######.##
#.g#.##### #.# #g.#.....#####
###.# #............#
#########.#.######.#####.###.####
...............)@g@# #.# #.....
##.....).....####### #.# ######
#.######.##†# #.# #.# #.##.## #.#
#.# #.#.#.####### #.#
##.######..###......# #.#
#......##...#.#####.# #.#
#..###.><..#.## #.# #.# ...#
#####.#.# #.# #.#


You could see Robin and Jessica (fast).

Vanquished Creatures
  2 adders (D:2)
  2 worms (D:2)
  2 dart slugs (D:2)
  4 endoplasms
  A giant cockroach (D:1)
  15 goblins
  12 hobgoblins
  4 jackals (D:1)
  6 kobolds
  A quokka (D:2)
  7 ball pythons
  5 bats
  2 frilled lizards
  4 rats
67 creatures vanquished.

Vanquished Creatures (others)
  A goblin (D:3)
1 creature vanquished.

Grand Total: 68 creatures vanquished

Notes
Turn   | Place    | Note
-------+----------+-------------------------------------------
     0 | D:1      | Bamboolord the Troll Warper began the quest for the Orb.
     0 | D:1      | Reached XP level 1. HP: 19/19 MP: 1/1
   164 | D:1      | Reached XP level 2. HP: 28/28 MP: 2/2
   171 | D:1      | Learned a level 2 spell: Blink
   960 | D:2      | Reached XP level 3. HP: 35/35 MP: 4/4
  1061 | D:2      | Found a blossoming altar of Fedhas.
  1382 | D:2      | Reached XP level 4. HP: 41/42 MP: 5/5
  2137 | D:3      | Noticed Robin
  2139 | D:3      | Noticed Jessica
  2171 | D:3      | Slain by Robin

Illustrated notes

Levels and vault maps discovered:
D:1:      saegor_arrival_simple_b, layout_basic
D:2:      cheibrodos_greedy_goblins, layout_basic, basic_altar
D:3:      layout_loops_ring, uniq_robin, uniq_jessica

Skill      XL: |  1  2 |
---------------+-------+-----
Dodging        | 2 |  2.4
Maces & Flails | 2 |  2.8
Fighting       | 2 |  2.2
Throwing       | |  0.8
Spellcasting   | |  1.5
Translocations | |  2.5

Action                   |  1- 3 |  4- 6 || total
-------------------------+-------+-------++-------
Melee: Mace              |   134 |    86 ||   220
       Punch             |     1 |     2 ||     3
 Cast: Blink             |     1 |       ||     1
  Use: Scroll            |       |     1 ||     1
 Stab: Sleeping          |     1 |       ||     1
Armor: Robe              |    51 |    33 ||    84
Dodge: Dodged            |    73 |    52 ||   125
